 Dungeon Crawl Stone Soup version 0.28.0-43-g3370ac3207 (webtiles) character file.

Game seed: 13931655589709889945

10110 jimonade the Basher (level 11, -5/77 HPs)
             Began as a Gnoll Wanderer on Mar 13, 2022.
             Was a Priest of Hepliaklqana.
             Slain by an eight-headed hydra (8 damage)
             ... on level 11 of the Dungeon on Mar 14, 2022.
             The game lasted 00:53:44 (10442 turns).

jimonade the Basher (Gnoll Wanderer)               Turns: 10442, Time: 00:53:44

Health: -5/77      AC: 11    Str: 24    XL:     11   Next: 57%
Magic:  20/20      EV: 14    Int: 19    God:    Hepliaklqana [***...]
Gold:   599        SH: 10    Dex: 14    Spells: 22/22 levels left

rFire   . . .      SeeInvis .   s - +7 spear of Bodily Harmony {speed, Str+2 Int+4}
rCold   . . .      Faith    .   R - +0 buckler
rNeg    . . .      Spirit   .   V - +4 robe of Augmentation {Str+4 Int+4 Dex+4}
rPois   .          Reflect  +   Z - +1 hat
rElec   .          Harm     .   c - +0 cloak
rCorr   +          Rampage  .   E - +0 pair of gloves
Will    .....                   p - +0 pair of boots
Stlth   ++++......              N - amulet of reflection
HPRegen 0.22/turn               f - ring of resist corrosion
MPRegen 0.17/turn               H - ring of flight

@: flying
A: reduced essence, fangs 1, strong nose, distributed training
a: Renounce Religion, Recall Ancestor, Ancestor Identity, Transference


You were on level 11 of the Dungeon.
You worshipped Hepliaklqana.
Hepliaklqana was most pleased with you.
You visited 1 branch of the dungeon, and saw 11 of its levels.

You collected 599 gold pieces.

Inventory:

Hand Weapons
 d - a +0 trident
 r - the +4 spear of the People {venom, Dex+3}
   (You found it on level 2 of the Dungeon)

   It poisons the flesh of those it strikes.
   Dex:       It affects your dexterity (+3).
 s - the +7 spear of Bodily Harmony (weapon) {speed, Str+2 Int+4}
   (You found it on level 2 of the Dungeon)

   Attacks with this weapon are significantly faster.
   Str:       It affects your strength (+2).
   Int:       It affects your intelligence (+4).
 M - the +4 glaive of Vuucvutt {venom, rN+ Str+3}
   (You found it on level 8 of the Dungeon)

   It poisons the flesh of those it strikes.
   Str:       It affects your strength (+3).
   rN:        It protects you from negative energy.
 S - the +8 dagger "Rampoled" {vorpal, Str-2 Dex+7}
   (You found it on level 6 of the Dungeon)

   It inflicts extra damage upon your enemies.
   Str:       It affects your strength (-2).
   Dex:       It affects your dexterity (+7).
Missiles
 n - 317 arrows
 o - 76 bolts
 u - 5 atropa-tipped darts
 v - 313 stones
 C - 36 sling bullets
 Q - 7 boomerangs (quivered)
 W - 12 poisoned darts
Armour
 a - +0 acid dragon scales
 c - a +0 cloak (worn)
 i - a +0 helmet
 p - a +0 pair of boots (worn)
 q - a +0 plate armour
 E - a +0 pair of gloves (worn)
 G - a +0 tower shield
 L - a +1 leather armour of poison resistance
 P - a +1 robe of cold resistance
 R - a +0 buckler (worn)
 V - the +4 robe of Augmentation (worn) {Str+4 Int+4 Dex+4}
   (You found it on level 6 of the Dungeon)

   Str:       It affects your strength (+4).
   Int:       It affects your intelligence (+4).
   Dex:       It affects your dexterity (+4).
 Y - +0 steam dragon scales
 Z - a +1 hat (worn)
Jewellery
 f - a ring of resist corrosion (left hand)
 m - an amulet of faith
 z - a +4 ring of protection
 F - a ring of fire
 H - a ring of flight (right hand)
 N - an amulet of reflection (around neck)
 O - a ring of ice
Wands
 e - a wand of digging (5)
 w - a wand of iceblast (15)
 A - a wand of acid (10)
Scrolls
 g - 3 scrolls of enchant weapon
 h - 3 scrolls of identify
 l - 2 scrolls of blinking
 t - 3 scrolls of teleportation
 x - a scroll of amnesia
 y - a scroll of summoning
 K - 2 scrolls of fog
 X - 2 scrolls of brand weapon
Potions
 b - 10 potions of curing
 k - 2 potions of lignification {unknown}
 B - 3 potions of might
 D - a potion of invisibility {unknown}
 I - a potion of haste {unknown}
 J - a potion of berserk rage {unknown}


   Skills:
 + Level 8.0 Fighting
 + Level 6.4 Short Blades
 + Level 6.4 Long Blades
 + Level 6.4 Axes
 + Level 12.2 Maces & Flails
 + Level 6.4 Polearms
 + Level 6.4 Staves
 + Level 6.4 Slings
 + Level 6.4 Bows
 + Level 6.4 Crossbows
 + Level 6.4 Throwing
 + Level 7.0 Armour
 + Level 6.4 Dodging
 + Level 7.7 Stealth
 + Level 6.4 Shields
 + Level 6.4 Unarmed Combat
 + Level 6.4 Spellcasting
 + Level 5.3 Conjurations
 + Level 5.3 Hexes
 + Level 5.3 Summonings
 + Level 5.3 Necromancy
 + Level 5.3 Translocations
 + Level 5.3 Transmutations
 + Level 5.3 Fire Magic
 + Level 5.3 Ice Magic
 + Level 5.3 Air Magic
 + Level 5.3 Earth Magic
 + Level 5.3 Poison Magic
 + Level 7.0 Invocations
 + Level 6.4 Evocations


You had 22 spell levels left.
You didn't know any spells.
Your spell library contained the following spells:

 Spells                   Type           Power      Damage    Failure   Level
 Beastly Appendage        Tmut           52%        N/A       1%          1
 Ensorcelled Hibernation  Hex/Ice        52%        N/A       2%          2
 Wereblood                Tmut           26%        N/A       2%          2
 Portal Projectile        Hex/Tloc       52%        N/A       4%          3
 Spider Form              Tmut/Pois      26%        N/A       4%          3
 Anguish                  Hex/Necr       13%        N/A       16%         4
 Alistair's Intoxication  Tmut/Pois      17%        N/A       38%         5
 Blade Hands              Tmut           13%        N/A       38%         5
 Borgnjor's Vile Clutch   Necr/Erth      13%        N/A       38%         5
 Excruciating Wounds      Necr           13%        N/A       38%         5
 Conjure Ball Lightning   Conj/Air       13%        3x3d6     93%         6
 Eringya's Noxious Bog    Tmut/Pois      13%        N/A       93%         6
 Discord                  Hex            13%        N/A       100%        8
 Disjunction              Tloc           13%        N/A       100%        8


Dungeon Overview and Level Annotations

Branches:
Dungeon (11/15)            Temple (0/1) D:7            Lair (0/6) D:10
    Orc (0/2) D:10

Altars:
Cheibriados
Dithmenos
Elyvilon
Fedhas
Hepliaklqana
Kikubaaqudgha
Qazlal
Ru
Uskayaw
Vehumet
Wu Jian
Xom
Zin

Shops:
D:9 [   D:10 =


Innate Abilities, Weirdness & Mutations

Your life essence is reduced to manifest your ancestor. (-10% HP)
You have very sharp teeth.
Your uncanny sense of smell can sniff out nearby items.
Your experience applies equally to all skills.


Message History

The eight-headed hydra bites you!
You hit the eight-headed hydra.
You bite the eight-headed hydra, but do no damage.
The eight-headed hydra is heavily wounded.
You block the eight-headed hydra's attack.
The eight-headed hydra misses you.
The eight-headed hydra bites you but does no damage.
You block the eight-headed hydra's attack.
The eight-headed hydra bites you. x2
The eight-headed hydra closely misses you.
The eight-headed hydra bites you!
You are too injured to fight recklessly!
Unknown command.
You are too injured to fight recklessly!
Unknown command.
You hit the eight-headed hydra.
The eight-headed hydra is heavily wounded.
You puncture the eight-headed hydra!
The eight-headed hydra is severely wounded.
The eight-headed hydra misses you. The eight-headed hydra bites you!
The eight-headed hydra bites you but does no damage.
The eight-headed hydra barely misses you. x2
The eight-headed hydra bites you.
* * * LOW HITPOINT WARNING * * *
You block the eight-headed hydra's attack.
The eight-headed hydra bites you!
* * * LOW HITPOINT WARNING * * *
You hit the eight-headed hydra.
The eight-headed hydra is severely wounded.
You puncture the eight-headed hydra!
The eight-headed hydra is almost dead.
The eight-headed hydra bites you but does no damage.
You block the eight-headed hydra's attack. x2
The eight-headed hydra bites you but does no damage.
The eight-headed hydra bites you!
* * * LOW HITPOINT WARNING * * *
The eight-headed hydra bites you but does no damage.
The eight-headed hydra closely misses you.
The eight-headed hydra bites you!
You die...

........ ..
###...#.#####..
#.........#....
###.............
#.........#...#
#..<)..##...## .
####.........##..
#.............
####@........#
###.D......#
#..........#
#...##....##
#..## ..$.... ###
.....#. ....##
.##.# #. ..


You could see an eight-headed hydra.

Vanquished Creatures
  A hydra (D:11)
  2 two-headed ogres
  Nergalle (D:10)
  A gargoyle (D:10)
  Grinder (D:6)
  Sigmund (D:3)
  A wraith (D:10)
  Eustachio (D:5)
  3 wyverns
  3 yaks
  2 orc warriors
  A hornet zombie (D:6)
  2 sky beasts
  4 ogres
  A centaur (D:6)
  3 bullfrogs (D:6)
  A kobold brigand (D:8)
  2 scorpions
  4 wights
  2 killer bees (D:10)
  2 centaur zombies (D:9)
  2 jellies
  5 orc priests
  4 iguanas
  4 orc wizards
  A hound skeleton (D:5)
  A mummy (D:4)
  A howler monkey zombie (D:6)
  A howler monkey skeleton (D:2)
  4 adders
  A shadow imp (D:7)
  3 white imps (D:6)
  An ufetubus (D:4)
  An adder skeleton (D:2)
  2 worms
  2 dart slugs
  16 orcs
  5 bats
  5 endoplasms
  3 giant cockroaches
  9 goblins
  4 hobgoblins
  2 jackals (D:5)
  3 kobolds
  A quokka (D:3)
  3 ball pythons
  3 frilled lizards
  4 rats
130 creatures vanquished.

Vanquished Creatures (collateral kills)
  Fannar (D:10)
  An unseen horror (D:9)
  A shadow (D:10)
  8 yaks
  A steam dragon (D:7)
  An acid dragon (D:8)
  An orc warrior (D:10)
  An ogre (D:6)
  3 centaurs
  A phantom (D:6)
  A scorpion (D:10)
  2 killer bees (D:10)
  5 wights
  An orc priest (D:10)
  2 centaur zombies
  2 bullfrog skeletons (D:6)
  An iguana (D:5)
  4 orc wizards
  2 howler monkey zombies (D:7)
  10 orcs
  A hobgoblin (D:7)
  5 kobolds (D:8)
55 creatures vanquished.

Vanquished Creatures (others)
  2 ancestors
  11 battlemagi
  3 fungi (D:10)
  A plant (D:10)
17 creatures vanquished.

Grand Total: 202 creatures vanquished

Notes
Turn   | Place    | Note
-------+----------+-------------------------------------------
     0 | D:1      | Reached skill level 10 in Maces & Flails
     0 | D:1      | jimonade the Gnoll Wanderer began the quest for the Orb.
     0 | D:1      | jimonade set off with the following items: a +2 mace, a
                  | potion of curing, a +0 cloak, a +0 leather armour
     0 | D:1      | Reached XP level 1. HP: 20/20 MP: 1/1
   333 | D:1      | Reached XP level 2. HP: 24/26 MP: 2/2
  1152 | D:2      | Identified the +4 spear of the People {venom, Dex+3}
  1158 | D:2      | Reached XP level 3. HP: 31/31 MP: 3/3
  1159 | D:2      | Identified the +7 spear of Bodily Harmony {speed, Str+2
                  | Int+4}
  1268 | D:2      | Found a faded altar of an unknown god.
  1328 | D:2      | Reached skill level 1 in Invocations
  1415 | D:2      | Reached skill level 1 in Short Blades
  1415 | D:2      | Reached skill level 1 in Long Blades
  1415 | D:2      | Reached skill level 1 in Axes
  1415 | D:2      | Reached skill level 1 in Polearms
  1415 | D:2      | Reached skill level 1 in Staves
  1415 | D:2      | Reached skill level 1 in Slings
  1415 | D:2      | Reached skill level 1 in Bows
  1415 | D:2      | Reached skill level 1 in Crossbows
  1415 | D:2      | Reached skill level 1 in Throwing
  1415 | D:2      | Reached skill level 1 in Dodging
  1415 | D:2      | Reached skill level 1 in Shields
  1415 | D:2      | Reached skill level 1 in Unarmed Combat
  1415 | D:2      | Reached skill level 1 in Spellcasting
  1415 | D:2      | Reached skill level 1 in Evocations
  1437 | D:2      | Reached XP level 4. HP: 38/38 MP: 5/5
  1724 | D:3      | Found a stormy altar of Qazlal.
  1817 | D:3      | Noticed Sigmund
  1843 | D:3      | Killed Sigmund
  1844 | D:3      | Reached skill level 1 in Conjurations
  1844 | D:3      | Reached skill level 1 in Hexes
  1844 | D:3      | Reached skill level 1 in Summonings
  1844 | D:3      | Reached skill level 1 in Necromancy
  1844 | D:3      | Reached skill level 1 in Translocations
  1844 | D:3      | Reached skill level 1 in Transmutations
  1844 | D:3      | Reached skill level 1 in Fire Magic
  1844 | D:3      | Reached skill level 1 in Ice Magic
  1844 | D:3      | Reached skill level 1 in Air Magic
  1844 | D:3      | Reached skill level 1 in Earth Magic
  1844 | D:3      | Reached skill level 1 in Poison Magic
  1844 | D:3      | Reached XP level 5. HP: 39/43 MP: 5/7
  1856 | D:3      | Reached XP level 6. HP: 47/50 MP: 6/8
  1905 | D:3      | Reached skill level 5 in Fighting
  2041 | D:3      | Found a hazy altar of Hepliaklqana.
  2047 | D:3      | Became a worshipper of Hepliaklqana the Forgotten
  2073 | D:3      | Found a hide-covered altar of Uskayaw.
  2360 | D:4      | Found a glowing silver altar of Zin.
  2425 | D:4      | Reached XP level 7. HP: 56/56 MP: 10/10
  2442 | D:4      | Found a shimmering altar of Xom.
  2614 | D:4      | Found a snail-covered altar of Cheibriados.
  3077 | D:5      | Entered Level 5 of the Dungeon
  3115 | D:5      | Reached * piety under Hepliaklqana
  3182 | D:5      | Reached skill level 5 in Stealth
  3339 | D:5      | Noticed Eustachio
  3361 | D:5      | Killed Eustachio
  3362 | D:5      | Reached XP level 8. HP: 30/56 MP: 12/12
  3620 | D:5      | Found an ancient bone altar of Kikubaaqudgha.
  4022 | D:6      | Found an ornate altar of the Wu Jian Council.
  4062 | D:6      | Identified the +8 dagger "Rampoled" {vorpal, Str-2 Dex+7}
  4358 | D:6      | Reached ** piety under Hepliaklqana
  4359 | D:6      | Remembered your ancestor Shumba as a battlemage
  4499 | D:6      | Found a white marble altar of Elyvilon.
  4535 | D:6      | Reached skill level 11 in Maces & Flails
  4652 | D:6      | Found the +4 robe of Augmentation {Str+4 Int+4 Dex+4}
  4702 | D:6      | Noticed Grinder
  4716 | D:6      | Paralysed by Grinder for 5 turns
  4735 | D:6      | Reached XP level 9. HP: 43/62 MP: 14/14
  4767 | D:6      | Killed Grinder
  5064 | D:6      | Found a sacrificial altar of Ru.
  5087 | D:6      | Found a radiant altar of Vehumet.
  5425 | D:7      | Found a flagged portal.
  5524 | D:7      | Reached skill level 5 in Armour
  5708 | D:7      | Found a staircase to the Ecumenical Temple.
  6301 | D:8      | Reached skill level 5 in Invocations
  6558 | D:8      | Found a shadowy altar of Dithmenos.
  6710 | D:8      | Reached XP level 10. HP: 68/69 MP: 17/17
  6717 | D:8      | Reached skill level 5 in Short Blades
  6717 | D:8      | Reached skill level 5 in Long Blades
  6717 | D:8      | Reached skill level 5 in Axes
  6717 | D:8      | Reached skill level 5 in Polearms
  6717 | D:8      | Reached skill level 5 in Staves
  6717 | D:8      | Reached skill level 5 in Slings
  6717 | D:8      | Reached skill level 5 in Bows
  6717 | D:8      | Reached skill level 5 in Crossbows
  6717 | D:8      | Reached skill level 5 in Throwing
  6717 | D:8      | Reached skill level 5 in Dodging
  6717 | D:8      | Reached skill level 5 in Shields
  6717 | D:8      | Reached skill level 5 in Unarmed Combat
  6717 | D:8      | Reached skill level 5 in Spellcasting
  6717 | D:8      | Reached skill level 5 in Evocations
  6816 | D:8      | Identified the +4 glaive of Vuucvutt {venom, rN+ Str+3}
  6999 | D:8      | Identified the +1 leather armour of Reason {Str+3}
  7540 | D:9      | Found Zuux's Antique Armour Emporium.
  7564 | D:9      | Found a blossoming altar of Fedhas.
  7688 | D:9      | Noticed a two-headed ogre
  7712 | D:9      | Killed a two-headed ogre
  8091 | D:9      | Killed an unseen horror
  8399 | D:10     | Entered Level 10 of the Dungeon
  8583 | D:10     | Reached XP level 11. HP: 66/75 MP: 19/19
  8684 | D:10     | Found a staircase to the Lair.
  8751 | D:10     | Reached *** piety under Hepliaklqana
  8762 | D:10     | Found Hopp's Jewellery Shop.
  8938 | D:10     | Noticed a two-headed ogre
  8957 | D:10     | Reached skill level 12 in Maces & Flails
  8964 | D:10     | Killed a two-headed ogre
  8965 | D:10     | Reached skill level 5 in Conjurations
  8965 | D:10     | Reached skill level 5 in Hexes
  8965 | D:10     | Reached skill level 5 in Summonings
  8965 | D:10     | Reached skill level 5 in Necromancy
  8965 | D:10     | Reached skill level 5 in Translocations
  8965 | D:10     | Reached skill level 5 in Transmutations
  8965 | D:10     | Reached skill level 5 in Fire Magic
  8965 | D:10     | Reached skill level 5 in Ice Magic
  8965 | D:10     | Reached skill level 5 in Air Magic
  8965 | D:10     | Reached skill level 5 in Earth Magic
  8965 | D:10     | Reached skill level 5 in Poison Magic
  9140 | D:10     | Noticed Nergalle
  9561 | D:10     | Noticed Fannar
  9566 | D:10     | Killed Nergalle
  9567 | D:10     | HP: 3/77 [Fannar/bolt of cold (36)]
  9581 | D:10     | Killed Fannar
 10195 | D:10     | Found a staircase to the Orcish Mines.
 10320 | D:11     | Noticed a six-headed hydra
 10330 | D:11     | Killed a six-headed hydra
 10431 | D:11     | Noticed an eight-headed hydra
 10442 | D:11     | HP: 3/77 [eight-headed hydra (10)]
 10442 | D:11     | Slain by an eight-headed hydra

Illustrated notes

Levels and vault maps discovered:
D:1:      heliophobic_arrival_henge, layout_basic
D:2:      layout_basic, basic_ecumenical_altar
D:3:      layout_rooms, grunt_qazlal_sundering, mainiacjoe_overflow_two_lobes,
          kennysheep_pointless_box, uniq_sigmund
D:4:      layout_loops_cross, mainiacjoe_overflow_concentric_impassable,
          slow_altar_1, mainiacjoe_overflow_24_doors, kennysheep_cross_room
D:5:      layout_gridville, lemuel_coloured_pillars_altar, uniq_eustachio
D:6:      layout_layer_cave, elyvilon_altar_1, grunt_temple_overflow_open,
          minmay_fractal_squares_diagonal_5, uniq_grinder
D:7:      layout_basic, minmay_temple_entry_fiery, enter_bailey_4
D:8:      layout_cave_pools, nicolae_dithmenos_the_darkroom
D:9:      layout_roguey, fedhas_altar_2, serial_shops, nicolae_stop_n_shop_2
D:10:     layout_stronghold, grunt_lair_entry_orc_guard_hut, orc_0_dummy,
          serial_shops, nicolae_shop_waterfront, uniq_nergalle, uniq_fannar
D:11:     layout_cave_pools, special_room [special_room_orc]

Skill      XL: |  1  2  3  4  5  6  7  8  9 10 11 |
---------------+----------------------------------+-----
Maces & Flails | 11 12 | 12.2
Invocations    | 1 2 3 4 5 6 7 |  7.0
Short Blades   | 1 2 3 4 5 6 |  6.4
Long Blades    | 1 2 3 4 5 6 |  6.4
Axes           | 1 2 3 4 5 6 |  6.4
Polearms       | 1 2 3 4 5 6 |  6.4
Staves         | 1 2 3 4 5 6 |  6.4
Slings         | 1 2 3 4 5 6 |  6.4
Bows           | 1 2 3 4 5 6 |  6.4
Crossbows      | 1 2 3 4 5 6 |  6.4
Throwing       | 1 2 3 4 5 6 |  6.4
Dodging        | 1 2 3 4 5 6 |  6.4
Shields        | 1 2 3 4 5 6 |  6.4
Unarmed Combat | 1 2 3 4 5 6 |  6.4
Spellcasting   | 1 2 3 4 5 6 |  6.4
Evocations     | 1 2 3 4 5 6 |  6.4
Armour         | 3 4 5 6 7 |  7.0
Conjurations   | 1 2 3 4 5 |  5.3
Hexes          | 1 2 3 4 5 |  5.3
Summonings     | 1 2 3 4 5 |  5.3
Necromancy     | 1 2 3 4 5 |  5.3
Translocations | 1 2 3 4 5 |  5.3
Transmutations | 1 2 3 4 5 |  5.3
Fire Magic     | 1 2 3 4 5 |  5.3
Ice Magic      | 1 2 3 4 5 |  5.3
Air Magic      | 1 2 3 4 5 |  5.3
Earth Magic    | 1 2 3 4 5 |  5.3
Poison Magic   | 1 2 3 4 5 |  5.3
Fighting       | 5 6 7 8 |  8.0
Stealth        | 5 6 7 |  7.7

Action                   |  1- 3 |  4- 6 |  7- 9 | 10-12 || total
-------------------------+-------+-------+-------+-------++-------
Melee: Mace              |    45 |       |       |       ||    45
       Bite              |     4 |     4 |    20 |    28 ||    56
       Spear             |    20 |    48 |   245 |   202 ||   515
       Punch             |       |     1 |       |       ||     1
Invok: Ancestor Identity |       |       |     1 |       ||     1
       Ancestor Life: Ba |       |       |     1 |       ||     1
  Use: Scroll            |       |       |       |    17 ||    17
       Potion            |       |       |       |     2 ||     2
 Stab: Sleeping          |       |       |     2 |     2 ||     4
       Distracted        |       |       |     1 |     3 ||     4
Armor: Chain mail        |    20 |    10 |    29 |       ||    59
       Ring mail         |     1 |       |       |       ||     1
       Robe              |       |       |    18 |    30 ||    48
Dodge: Dodged            |    17 |    10 |    39 |    48 ||   114
Block: Buckler           |       |       |    15 |    56 ||    71
       Reflection        |       |       |     1 |     8 ||     9
